Map: 2000 Atmospheres LE

Players

A.I. 1 (Very Easy) - Winner!

  • Race: Terran Terran

PrinceZuko

  • Race: Terran Terran
  • League: Master

VOD

Have the link to the VOD?

Description

Time

  • Played on: May 3, 2021, 6:19 p.m.
  • Length: 9:39
Show
View Real Time Build Order
Export as new Build Order

A.I. 1 (Very Easy) Terran - Winner!

Build Orders:  

Get SALT Encoding   

  12  0:00  SCV  
  13  0:13  SCV  
  14  0:18  Supply Depot  
  14  0:37  Refinery  
  14  0:42  Barracks  
  14  1:02  Supply Depot  
  14  1:12  Refinery  
  14  1:28  Marine  
  14  1:29  SCV  
  16  1:41  SCV  
  17  1:53  SCV  
  18  2:00  Marine  
  19  2:05  SCV  
  20  2:17  SCV  
  22  2:30  SCV  
  22  2:31  Marine  
  23  2:42  Orbital Command  
  23  5:27  SCV  
  23  5:44  Marine, SCV  
  23  5:47  Supply Depot  
  23  5:49  Factory  
  22  5:56  SCV  
  23  6:09  SCV  
  23  6:10  Supply Depot  
  24  6:19  Marine  
  24  6:21  SCV  
  26  6:33  SCV, Starport  
  26  6:37  Barracks Tech Lab  
  27  6:43  Command Center  
  27  6:55  Marine  
  28  7:11  Starport Tech Lab  
  28  7:30  Marauder  
  28  7:31  Raven  
  32  7:56  SCV  
  33  8:03  SCV  
  33  8:04  Marine  
  33  8:05  Refinery  
  35  8:08  Refinery  
  35  8:11  SCV  
  34  8:18  SCV  
  25  8:32  SCV  
  13  8:44  SCV  
Show
View Real Time Build Order
Export as new Build Order

PrinceZuko Terran 

Build Orders:  

Get SALT Encoding   

  12  0:00  SCV  
  13  0:13  SCV  
  14  0:18  Supply Depot  
  14  0:25  SCV  
  15  0:40  Barracks, SCV  
  16  0:46  Refinery  
  16  0:52  SCV  
  16  0:56  Refinery  
  17  1:04  SCV  
  18  1:16  SCV  
  19  1:28  Barracks Tech Lab  
  19  1:29  Orbital Command  
  19  1:38  Supply Depot  
  19  1:44  Factory  
  19  1:50  Marauder  
  21  1:55  SCV  
  21  2:00  Concussive Shells  
  22  2:07  SCV  
  25  2:16  Marauder  
  25  2:19  SCV  
  25  2:20  Supply Depot  
  26  2:28  Hellion  
  30  2:37  Marauder  
  30  2:40  Starport  
  30  2:49  Hellion  
  32  3:01  Marauder  
  34  3:11  Hellion  
  36  3:19  Supply Depot  
  36  3:21  Medivac  
  38  3:33  Command Center  
  38  3:36  Factory Tech Lab  
  38  3:37  SCV  
  39  3:42  Supply Depot  
  39  3:49  SCV  
  39  3:51  Starport Tech Lab  
  40  4:01  SCV  
  41  4:06  Cyclone  
  44  4:13  SCV  
  45  4:25  SCV  
  46  4:35  Refinery  
  46  4:36  Barracks  
  46  4:37  Barracks  
  46  4:38  SCV  
  47  4:40  Siege Tank  
  47  4:41  Starport Reactor  
  50  4:49  Orbital Command  
  50  4:51  SCV  
  51  4:54  Marine  
  52  5:03  SCV  
  52  5:06  Engineering Bay  
  53  5:15  SCV x2  
  55  5:24  Starport Reactor, Stimpack  
  55  5:26  Marine  
  55  5:27  Combat Shield, Marine, SCV  
  58  5:30  SCV  
  59  5:38  Marine x2  
  59  5:39  SCV  
  59  5:40  Terran Infantry Weapons Level 1  
  62  5:43  Supply Depot  
  62  5:45  SCV  
  62  5:47  Factory Tech Lab  
  63  5:51  Marine x2  
  63  5:52  SCV  
  66  5:57  Supply Depot  
  66  5:58  Marine x2  
  66  6:00  SCV  
  69  6:04  Medivac  
  69  6:06  Medivac  
  73  6:11  Marine x2  
  73  6:15  Marine  
  73  6:17  Marine  
  77  6:19  Siege Tank  
  77  6:20  SCV  
  77  6:21  SCV  
  82  6:29  Supply Depot  
  82  6:30  Marine x2  
  82  6:31  Supply Depot  
  84  6:34  SCV  
  84  6:35  Marine  
  86  6:51  Medivac x2, Marine  
  86  6:52  Marine x2, Siege Tank  
  86  6:53  SCV x2  
  98  6:57  Supply Depot, Marine  
  99  7:05  SCV  
  100  7:10  Marine x2  
  100  7:11  Barracks  
  100  7:13  Barracks  
  102  7:19  Marine x2  
  102  7:22  Medivac x2  
  108  7:28  Marine x2  
  110  7:33  Supply Depot x2  
  110  7:44  Refinery  
  110  7:54  Marine x3  
  110  7:55  Medivac, SCV x2, Marine, Siege Tank  
  121  8:01  Barracks Reactor x2  
  121  8:10  Medivac  
  121  8:12  Marine  
  123  8:14  Supply Depot x2  
  123  8:15  Supply Depot  
  123  8:19  Marine x2  
  126  8:21  Marine  
  122  8:29  Siege Tank  
  122  8:31  Marine  
  125  8:35  Medivac  
  125  8:37  Supply Depot, Marine  
  125  8:38  Supply Depot  
  125  8:39  Marine x5  
  125  8:40  Marine  
  134  8:51  Medivac, Marine  
  134  8:55  Marine  
  138  8:56  Supply Depot x2  
  138  8:58  Supply Depot, Marine x6  
  144  9:08  Marine  
Tags
 
Add a new tag
Caveats
  • Supply blocks, unpowered buildings, or Contaminate may cause inaccurate times.
  • Supply counts are checked every 10 seconds.